AoeStats
← vWave.

Arabia

508567257Analyzed
2v2 RM · 9d ago on Sep 23, 2026· 24m 50s· 4 players
Game mode
Random Map
Map size
Medium (4 player)
Population
200
Speed
Normal
Resources
Standard
Victory
Conquest
Starting age
Dark Age
Ending age
Imperial Age
RankedLock teamsTeams togetherTeam positionsShared explorationLock speedFull tech treeHidden civsTurbo modeCheats
Victory
Defeat
🇦🇷 Danes · Argentina
988
+16
🇺🇾 Teutons · Uruguay
896
+19
🇨🇴 Spanish · Colombia
990
-18
🇨🇴 Magyars · Colombia
963
-17
Panresistantpseudomonas
8:06 Loom
10:37 Feudal Age
11:11 Man-at-Arms
12:30 Double-Bit Axe
20:25 Arson
21:33 Fletching
22:51 Forging
23:30 Scale Mail Armor
jarodriguezcr
7:33 Loom
9:31 Feudal Age
13:34 Horse Collar
14:48 Scale Barding Armor
15:20 Double-Bit Axe
19:44 Fletching
vWave.
4:21 Loom
11:38 Feudal Age
12:03 Double-Bit Axe
22:09 Bloodlines
24:40 Castle Age
[ESTG] Daupoch
4:57 Loom
10:02 Feudal Age
11:08 Double-Bit Axe
11:30 Man-at-Arms
13:30 Arson
14:57 Horse Collar
18:06 Scale Mail Armor
22:39 Wheelbarrow
Connection lost

Rejoining the realm…

Still unreachable

The connection could not be restored.

Session expired

The server has moved on; the page needs a fresh start.